 Dungeon Crawl Stone Soup version 0.16.0-8-gd9ae3a8 (webtiles) character file.

291 aronpayne the Conjurer (level 6, -4/46 HPs)
             Began as a Draconian Conjurer on Mar 16, 2015.
             Shot with an arrow by a centaur (7 damage)
             ... on level 4 of the Dungeon.
             The game lasted 00:26:31 (3153 turns).

aronpayne the Conjurer (Draconian Conjurer)         Turns: 3153, Time: 00:26:31

Health: -4/46      AC:  6    Str: 10    XL:     6   Next: 10%
Magic:  9/13       EV: 12    Int: 17    God:
Gold:   126        SH:  0    Dex: 12    Spells: 3 memorised, 4 levels left

rFire  . . .     SeeInvis .     o - +2 short sword (speed)
rCold  . . .     Clarity  .     (armour unavailable)
rNeg   . . .     SustAb   .     (no shield)
rPois  .         Gourm    .     (helmet restricted)
rElec  .         Spirit   .     (no cloak)
rCorr  .         Warding  .     (no gloves)
rMut   .         Stasis   .     (no boots)
MR     .....                    (no amulet)
Stlth  +++.......               (no ring)
                                m - ring of stealth

@: not resistant to hostile enchantments, fairly stealthy
A: unfitting armour, cold-blooded, AC +6
a: no special abilities


You were on level 4 of the Dungeon.
You were not hungry.

You visited 1 branch of the dungeon, and saw 4 of its levels.

You collected 126 gold pieces.

Inventory:

Hand weapons
 e - a +0 club
 o - a +2 short sword of speed (weapon)
Jewellery
 m - a ring of stealth (left hand)
 n - an uncursed amulet of resist mutation
Magical devices
 q - a wand of disintegration (17)
Scrolls
 d - a scroll of fog {unknown}
 f - 5 scrolls of identify {unknown}
 g - a scroll of fear {unknown}
 h - a scroll of enchant armour {unknown}
 i - a scroll of random uselessness {unknown}
 k - 2 scrolls of teleportation {unknown}
 l - 2 scrolls of amnesia {unknown}
 r - a scroll of blinking {unknown}
 t - a scroll of noise {unknown}
Potions
 a - 4 potions of curing {unknown}
 j - 2 potions of agility {unknown}
 s - a potion of flight {unknown}
Books
 c - a book of Conjurations

   Spells                             Type                      Level
   a - Magic Dart                     Conjuration                  1
   b - Searing Ray                    Conjuration                  2
   c - Dazzling Spray                 Conjuration/Hexes            3
   d - Fulminant Prism                Conjuration/Hexes            4
   e - Iskenderun's Mystic Blast      Conjuration                  4
   f - Iskenderun's Battlesphere      Conjuration/Charms           5
Comestibles
 b - 3 bread rations
 p - a chunk of flesh


   Skills:
 + Level 0.9 Fighting
 + Level 0.8 Short Blades
 + Level 0.4 Maces & Flails
 + Level 2.6 Dodging
 + Level 2.7 Stealth
 + Level 3.2 Spellcasting
 + Level 5.6 Conjurations


You had 4 spell levels left.
You knew the following spells:

 Your Spells              Type           Power        Failure   Level  Hunger
a - Magic Dart            Conj           ###.         1%          1    None
b - Searing Ray           Conj           ###...       2%          2    ##.....
c - Iskenderun's Mystic   Conj           ###.....     21%         4    ####...


Dungeon Overview and Level Annotations

Branches:
Dungeon (4/15)
 Temple: D:4-7

Altars:
Fedhas
Kikubaaqudgha


Innate Abilities, Weirdness & Mutations

Your plain brown scales are hard (AC +6).
Your body does not fit into most forms of armour.
Your cold-blooded metabolism reacts poorly to cold.


Message History

Press: ? - help, Shift-Dir - straight line, f - orc
Aim: an orc, wielding a mace The magic dart hits the orc.
You kill the orc!
The centaur shoots an arrow.
The arrow barely misses you.
Casting: Magic Dart
Confirm with . or Enter, or press ? or * to list all spells.
Aiming: Magic Dart
Press: ? - help, Shift-Dir - straight line, f - centaur
Aim: a centaur, wielding a shortbow (moderately wounded)
The magic dart hits the centaur.
The centaur is moderately wounded.
The centaur shoots an arrow.
The arrow hits you.
* * * LOW HITPOINT WARNING * * *
Some of the chunks of flesh in your inventory have rotted away.
The centaur shoots an arrow.
The arrow hits you!
* * * LOW HITPOINT WARNING * * *
You see here an arrow.
The centaur shoots an arrow.
The arrow hits you!
You die...

##.......(....#
#.c...o.)....#
##...######c..#
##....# ##..##
#.....## ##(.#
.......# #..## #
...#...# ##(.# .#
..###..## ##.##
..# .## ##..#
#@.######...# ##
#..##
#...........# #
##..#
##.........#..#
#..##
#.........##
##>.#
##........## #
#..####..#....###
##
##..##..##....#
.##
#......##...##
..# #.....##...##


You could see a centaur.

Vanquished Creatures
  A giant frog (D:3)
  A scorpion (D:4)
  A worker ant (D:4)
  A hound skeleton (D:4)
  5 adders
  A giant mite (D:3)
  2 worms
  4 giant geckos
  2 orcs
  A bat skeleton (D:3)
  2 giant cockroaches (D:1)
  14 hobgoblins
  10 kobolds
  A quokka (D:3)
  4 bats
  4 giant newts (D:1)
  15 goblins
  2 jackals (D:4)
  13 rats
84 creatures vanquished.

Notes
Turn   | Place    | Note
--------------------------------------------------------------
     0 | D:1      | aronpayne, the Draconian Conjurer, began the quest for the Orb.
     0 | D:1      | Reached XP level 1. HP: 14/14 MP: 3/3
   202 | D:1      | Reached XP level 2. HP: 20/20 MP: 1/4
   206 | D:1      | Learned a level 2 spell: Searing Ray
   863 | D:2      | Reached XP level 3. HP: 26/26 MP: 3/6
  1328 | D:2      | Found an ancient bone altar of Kikubaaqudgha.
  1329 | D:2      | Found a blossoming altar of Fedhas.
  1661 | D:3      | Noticed a giant frog
  1668 | D:3      | Killed a giant frog
  1668 | D:3      | Reached skill level 5 in Conjurations
  1668 | D:3      | Reached XP level 4. HP: 26/33 MP: 0/8
  1674 | D:3      | Learned a level 4 spell: Iskenderun's Mystic Blast
  1958 | D:3      | Reached XP level 5. HP: 38/38 MP: 9/9
  2905 | D:4      | Reached XP level 6. HP: 37/46 MP: 4/13
  3139 | D:4      | Noticed a centaur
  3153 | D:4      | Shot with an arrow by a centaur

Action                   |  1- 3 |  4- 6 || total
-------------------------+-------+-------++-------
Melee: Club              |    27 |       ||    27
       Unarmed           |     1 |       ||     1
       Short sword       |     1 |    59 ||    60
 Cast: Magic Dart        |    72 |    41 ||   113
       Searing Ray       |    10 |     4 ||    14
       Iskenderun's Myst |       |     6 ||     6
 Stab: Sleeping          |       |     4 ||     4
  Eat: Chunk             |     3 |     4 ||     7
       Beef jerky        |     1 |       ||     1
       Bread ration      |       |     1 ||     1
